 Dungeon Crawl Stone Soup version 0.22-a0-305-gd21a89c (webtiles) character file.

0 Borgoz the Skirmisher (level 1, -2/19 HPs)
             Began as a Minotaur Abyssal Knight on Mar 31, 2018.
             Was a Follower of Lugonu.
             Slain by a thrashing horror (12 damage)
             ... on level 2 of the Abyss.
             The game lasted 00:00:37 (82 turns).

Borgoz the Skirmisher (Minotaur Abyssal Knight)       Turns: 82, Time: 00:00:38

Health: -2/19      AC:  3    Str: 16    XL:     1   Next: 0%
Magic:  0/0        EV: 11    Int:  4    God:    Lugonu [*.....]
Gold:   27         SH:  0    Dex: 12    Spells: 0/0 levels left

rFire    . . .     SeeInvis .   b - +1 great mace "Ofujeruzu" {antimagic, rC++ Int-5 Dex+3}
rCold    + + .     Gourm    .   (shield currently unavailable)
rNeg     . . .     Faith    .   f - +0 leather armour
rPois    .         Spirit   .   (helmet restricted)
rElec    .         Reflect  .   (no cloak)
rCorr    .         Harm     .   (no gloves)
MR       .....                  (no boots)
Stlth    +.........             (no amulet)
HPRegen  0.06/turn              (no ring)
MPRegen  0.07/turn              (no ring)

@: no status effects
A: retaliatory headbutt, horns 2
a: Depart the Abyss, Renounce Religion


You were on level 2 of the Abyss.
You worshipped Lugonu.
Lugonu was aware of your devotion.
You were not hungry.

You visited 0 branches of the dungeon, and saw 0 of its levels.
You visited the Abyss 1 time.

You collected 27 gold pieces.

Inventory:

Hand Weapons
 a - a +1 hand axe
 b - the +1 great mace "Ofujeruzu" (weapon) {antimagic, rC++ Int-5 Dex+3}
   (You found it on level 2 of the Abyss)

   It reduces the magical energy of the wielder, and disrupts the spells and
   magical abilities of those hit.
   Natural abilities and divine invocations are not affected.
   It affects your intelligence (-5).
   It affects your dexterity (+3).
   It greatly protects you from cold.
Armour
 f - a +0 leather armour (worn)
Scrolls
 e - 3 scrolls of teleportation {unknown}
Potions
 d - a potion of might {unknown}
Comestibles
 c - a ration


   Skills:
 + Level 3.6 Fighting
 + Level 2.4 Axes
 + Level 2.4 Armour
 + Level 1.1 Dodging
 + Level 1.7 Invocations


You couldn't memorise any spells.
You didn't know any spells.

Dungeon Overview and Level Annotations

Branches:
Dungeon (0/15)

Altars:


Innate Abilities, Weirdness & Mutations

You reflexively headbutt those who attack you in melee.
You have a pair of horns on your head.


Message History

The starspawn tentacle grabs you. The starspawn tentacle constricts you.
You don't have enough magic capacity.
Unknown command.
You escape the starspawn tentacle's grasp.
The starspawn tentacle misses you. The starspawn tentacle grabs you.
The starspawn tentacle constricts you.
The starspawn tentacle loses its grip on you.
The tentacle pulls you backwards!
A large abomination comes into view.
A white imp comes into view.
The white imp shouts!
The white imp gestures at you. The puff of frost hits you! You resist.
A thrashing horror comes into view.
The thrashing horror roars!
The thrashing horror tramples you.
You hold your ground!
The thrashing horror tramples you.
You hold your ground!
The thrashing horror tramples you!
Ouch! That really hurt!
You die...

≈ ≈≈≈≈≈≈♣≈≈ ≈... #.... .
≈≈≈≈≈≈≈≈≈≈≈≈ #. . #.$##.#
≈≈≈≈≈≈≈≈≈≈≈ # #.###....
≈≈≈≈≈≈≈≈≈≈≈ .. ##.# .#.#
## ≈♣≈≈≈≈≈≈≈≈ .. #..#. .#.
≈≈≈≈≈≈≈≈≈♣ ##.#. .#....#.
≈≈≈≈≈≈≈≈≈######.#..#...##.
. ≈≈≈≈≈≈≈≈..##....###.
.[.# # ≈≈≈≈≈≈≈.##X@#
...#...#....
≈≈≈≈≈...####....#.X.......
≈≈≈♣....#.#.#..#...
##.#... ≈≈≈..#...#....#..
.# . . .. ♣≈......#
##...#.. ..#.##
.#######..#....#... . ..
#. #. .......##...# # .
#.##...#.# . #..
#.#.##..#.5..#. ..


You could see a thrashing horror.

Vanquished Creatures (others)
  2 starspawn tentacles (Abyss:2)
2 creatures vanquished.

Notes
Turn   | Place    | Note
-------+----------+-------------------------------------------
     0 | Abyss:1  | Borgoz the Minotaur Abyssal Knight began the quest for the Orb.
     0 | Abyss:1  | Reached XP level 1. HP: 19/19 MP: 1/1
    29 | Abyss:2  | Got a twisted great mace
    30 | Abyss:2  | Identified the +1 great mace "Ofujeruzu" {antimagic, rC++ Int-5 Dex+3} (You found it on level 2 of the Abyss)
    56 | Abyss:2  | Noticed a tentacled starspawn
    68 | Abyss:2  | Noticed a large abomination
    79 | Abyss:2  | Noticed a thrashing horror
    82 | Abyss:2  | Slain by a thrashing horror

Vault maps used:

Action                   || total
-------------------------++-------
Dodge: Dodged            ||     1

Table legend:
 A = Spawn XP
 B = Non-spawn XP
 C = Spawn XP percentage of total XP
 D = Spawn monster count
 E = Non-spawn monster count
 F = Spawn count percentage of total count
 G = Total turns spent on level
                    A         B        C        D         E        F      G
               +---------+---------+-------+---------+---------+-------+---------
         Total |       0 |       0 |   N/A |       0 |       0 |   N/A |    82
               +---------+---------+-------+---------+---------+-------+---------
               +---------+---------+-------+---------+---------+-------+---------
